TOP OF THE 1ST |
Oakland Oaks batting - Pitching for Victoria Capitals : RHP Bill Van Buskirk
|
Pitching: RHP Bill Van Buskirk
|
|
Batting: LHB Bill Helmer
|
0-0: Foul Ball, location: 2F 0-1: Bunt for hit to 5S - play at first, batter safe!
|
Batting: SHB Steve McGee
|
Pickoff Throw to First - Out! 1-3 CS 0-0: Ball 1-0: Swinging Strike 1-1: Swinging Strike 1-2: Foul Ball, location: 2F 1-2: Ball 2-2: Fly out, F6 (Popup, 6MS, EV 80.6 MPH)
|
Batting: LHB Justin LeFlore
|
0-0: Called Strike 0-1: Ball 1-1: Ball 2-1: Fly out, F6 (Popup, 6M, EV 60.6 MPH)
|
Top of the 1st over - 0 runs, 1 hit, 0 errors, 0 left on base; Oakland 0 - Victoria 0 |
BOTTOM OF THE 1ST |
Victoria Capitals batting - Pitching for Oakland Oaks : LHP Andre Bradley
|
Pitching: LHP Andre Bradley
|
|
Batting: RHB Jeremy Marin
|
0-0: Ball 1-0: Ball 2-0: Foul Ball, location: 2F 2-1: Foul Ball, location: 2F 2-2: Foul Ball, location: 2F 2-2: Ball 3-2: Foul Ball, location: 2F 3-2: Foul Ball, location: 2F 3-2: Foul Ball, location: 2F 3-2: Base on Balls
|
Batting: RHB Antonio Arechiga
|
0-0: Ball 1-0: Ball 2-0: DOUBLE (Line Drive, 78M, EV 94.4 MPH) Jeremy Marin to third
|
Batting: RHB Nick Ellis
|
0-0: Ball 1-0: Fly out, F8 (Flyball, 89S, EV 93.1 MPH)
|
Batting: RHB Hyeon-cheong Lee
|
0-0: Ball 1-0: Ball 2-0: Ball 3-0: Called Strike 3-1: Base on Balls
|
Batting: SHB Rich Roberts
|
0-0: Called Strike 0-1: Ball 1-1: Swinging Strike 1-2: Ball 2-2: Strikes out looking
|
Batting: LHB Willard Balcome
|
0-0: Swinging Strike 0-1: SINGLE (Line Drive, 7S, EV 91.9 MPH) Jeremy Marin scores Antonio Arechiga to third Hyeon-cheong Lee to second
|
Batting: LHB Jason Cary
|
0-0: Fly out, F7 (Flyball, 7LSF, EV 97.5 MPH)
|
Bottom of the 1st over - 1 run, 2 hits, 0 errors, 3 left on base; Oakland 0 - Victoria 1 |
TOP OF THE 2ND |
Oakland Oaks batting - Pitching for Victoria Capitals : RHP Bill Van Buskirk
|
Batting: SHB Chris King
|
0-0: Reached on error, E6 (Groundball, 6M, EV 105.0 MPH)
|
Batting: RHB Moises Guzman
|
0-0: Called Strike 0-1: Ball 1-1: Ball 2-1: Ball 3-1: Fly out, F9 (Flyball, 89S, EV 95.0 MPH)
|
Batting: RHB Mario Medina
|
0-0: Called Strike 0-1: Swinging Strike 0-2: Ball Balk! Chris King to second 1-2: Foul Ball, location: 2F 1-2: Strikes out looking
|
Batting: RHB Edwin Nunez
|
0-0: Ball 1-0: Fly out, F8 (Flyball, 8LM, EV 88.8 MPH)
|
Top of the 2nd over - 0 runs, 0 hits, 1 error, 1 left on base; Oakland 0 - Victoria 1 |
BOTTOM OF THE 2ND |
Victoria Capitals batting - Pitching for Oakland Oaks : LHP Andre Bradley
|
Batting: RHB Ray Wathey
|
0-0: Ball 1-0: Called Strike 1-1: SINGLE (Line Drive, 4MD, EV 95.6 MPH)
|
Pitching: LHP Elias Pena
|
|
Batting: RHB Kyung-hwan Lee
|
0-0: Ball 1-0: Foul Ball, location: 2F 1-1: Called Strike 1-2: Ball 2-2: Strikes out swinging
|
Batting: RHB Jeremy Marin
|
0-0: Ball 1-0: Called Strike 1-1: DOUBLE (Line Drive, 7LM, EV 107.5 MPH) Ray Wathey to third Runner from 3rd tries for Home, throw by LF and OUT! 7-6-2
|
Batting: RHB Antonio Arechiga
|
0-0: DOUBLE (Line Drive, 7LS, EV 108.1 MPH) Jeremy Marin scores
|
Batting: RHB Nick Ellis
|
0-0: Ball 1-0: Ball 2-0: Foul Ball, location: 2F 2-1: Foul Ball, location: 2F 2-2: Fly out, F7 (Flyball, 78S, EV 82.5 MPH)
|
Bottom of the 2nd over - 1 run, 3 hits, 0 errors, 1 left on base; Oakland 0 - Victoria 2 |
TOP OF THE 3RD |
Oakland Oaks batting - Pitching for Victoria Capitals : RHP Bill Van Buskirk
|
Batting: RHB Robby Britton
|
0-0: Ball 1-0: Foul Ball, location: 2F 1-1: Ball 2-1: Ball 3-1: Fly out, F9 (Line Drive, 89S, EV 98.8 MPH)
|
Batting: RHB Matt Nehman
|
0-0: Ball 1-0: Foul Ball, location: 2F 1-1: Ball 2-1: Fly out, F8 (Flyball, 78M, EV 84.4 MPH)
|
Batting: LHB Bill Helmer
|
0-0: Called Strike 0-1: Swinging Strike 0-2: SINGLE (Groundball, 4D, EV 98.8 MPH)
|
Batting: SHB Steve McGee
|
0-0: Ball 1-0: Ball 2-0: Ball 3-0: Called Strike 3-1: Swinging Strike 3-2: Strikes out swinging
|
Top of the 3rd over - 0 runs, 1 hit, 0 errors, 1 left on base; Oakland 0 - Victoria 2 |
BOTTOM OF THE 3RD |
Victoria Capitals batting - Pitching for Oakland Oaks : LHP Elias Pena
|
Batting: RHB Hyeon-cheong Lee
|
0-0: Called Strike 0-1: Ball 1-1: Ball 2-1: DOUBLE (Line Drive, 7LS, EV 90.0 MPH)
|
Batting: SHB Rich Roberts
|
0-0: Ball 1-0: Ground out 5-3 (Groundball, 56, EV 78.8 MPH)
|
Batting: LHB Willard Balcome
|
0-0: Ball 1-0: Foul Ball, location: 2F 1-1: Foul Ball, location: 2F 1-2: Strikes out swinging
|
Batting: LHB Jason Cary
|
0-0: Swinging Strike 0-1: Ball 1-1: Swinging Strike 1-2: Ball 2-2: Strikes out swinging
|
Bottom of the 3rd over - 0 runs, 1 hit, 0 errors, 1 left on base; Oakland 0 - Victoria 2 |
TOP OF THE 4TH |
Oakland Oaks batting - Pitching for Victoria Capitals : RHP Bill Van Buskirk
|
Batting: LHB Justin LeFlore
|
0-0: Ground out 5-3 (Groundball, 6, EV 97.5 MPH)
|
Batting: SHB Chris King
|
0-0: Foul Ball, location: 2F 0-1: Fly out, F8 (Flyball, 78S, EV 90.6 MPH)
|
Batting: RHB Moises Guzman
|
0-0: Ball 1-0: Swinging Strike 1-1: SINGLE (Line Drive, 89S, EV 111.2 MPH)
|
Batting: RHB Mario Medina
|
0-0: Ball 1-0: Called Strike 1-1: Foul Ball, location: 2F 1-2: Ball 2-2: Foul Ball, location: 2F 2-2: Ball 3-2: Base on Balls Moises Guzman to second
|
Batting: RHB Edwin Nunez
|
0-0: Ground out 4-3 (Groundball, 4M, EV 105.0 MPH)
|
Top of the 4th over - 0 runs, 1 hit, 0 errors, 2 left on base; Oakland 0 - Victoria 2 |
BOTTOM OF THE 4TH |
Victoria Capitals batting - Pitching for Oakland Oaks : LHP Elias Pena
|
Batting: RHB Ray Wathey
|
0-0: Swinging Strike 0-1: Ball 1-1: Ball 2-1: Called Strike 2-2: Foul Ball, location: 2F 2-2: Ground out 6-3 (Groundball, P, EV 81.2 MPH)
|
Batting: RHB Kyung-hwan Lee
|
0-0: Called Strike 0-1: Ball 1-1: Foul Ball, location: 2F 1-2: Strikes out swinging
|
Pitching: RHP Bob Waters
|
|
Batting: RHB Jeremy Marin
|
0-0: Called Strike 0-1: Ball 1-1: Swinging Strike 1-2: Foul Ball, location: 2F 1-2: Ball 2-2: SOLO HOME RUN (Flyball, 7D, EV 96.9 MPH), Distance : 385 ft
|
Batting: RHB Antonio Arechiga
|
0-0: Called Strike 0-1: Ball 1-1: Swinging Strike 1-2: Foul Ball, location: 2F 1-2: Ground out 1-3 (Groundball, P, EV 65.6 MPH)
|
Bottom of the 4th over - 1 run, 1 hit, 0 errors, 0 left on base; Oakland 0 - Victoria 3 |
TOP OF THE 5TH |
Oakland Oaks batting - Pitching for Victoria Capitals : RHP Bill Van Buskirk
|
Batting: RHB Robby Britton
|
0-0: Ground out 6-3 (Groundball, 6, EV 90.0 MPH)
|
Batting: RHB Matt Nehman
|
0-0: Ball 1-0: Ball 2-0: Ball 3-0: Base on Balls
|
Batting: LHB Bill Helmer
|
0-0: Ball 1-0: Bunted foul 1-1: Ball 2-1: Swinging Strike 2-2: Ball 3-2: Strikes out swinging
|
Pitching: RHP Victor Ocampo
|
|
Batting: SHB Steve McGee
|
0-0: Called Strike 0-1: Ball 1-1: Called Strike 1-2: Ball 2-2: Ground out U3 (Groundball, 3S, EV 65.0 MPH)
|
Top of the 5th over - 0 runs, 0 hits, 0 errors, 1 left on base; Oakland 0 - Victoria 3 |
BOTTOM OF THE 5TH |
Victoria Capitals batting - Pitching for Oakland Oaks : RHP Bob Waters
|
Batting: RHB Nick Ellis
|
0-0: Called Strike 0-1: Ball 1-1: Swinging Strike 1-2: Ball 2-2: Ball 3-2: Foul Ball, location: 2F 3-2: Strikes out swinging
|
Batting: RHB Hyeon-cheong Lee
|
0-0: Ball 1-0: Ball 2-0: Ball 3-0: Called Strike 3-1: Base on Balls
|
Batting: SHB Rich Roberts
|
0-0: Ball 1-0: Grounds into double play, 5-4-3 (Groundball, 56, EV 85.6 MPH)
|
Bottom of the 5th over - 0 runs, 0 hits, 0 errors, 0 left on base; Oakland 0 - Victoria 3 |
TOP OF THE 6TH |
Oakland Oaks batting - Pitching for Victoria Capitals : RHP Victor Ocampo
|
Batting: LHB Justin LeFlore
|
0-0: Called Strike 0-1: SINGLE (Line Drive, 9LS, EV 113.1 MPH)
|
Batting: SHB Chris King
|
0-0: Ball 1-0: Ball 2-0: Called Strike 2-1: Called Strike 2-2: Strikes out looking
|
Batting: RHB Moises Guzman
|
0-0: Ball Justin LeFlore is caught stealing 2nd base 2-4 1-0: Ground out 6-3 (Groundball, 6, EV 84.4 MPH)
|
Top of the 6th over - 0 runs, 1 hit, 0 errors, 0 left on base; Oakland 0 - Victoria 3 |
BOTTOM OF THE 6TH |
Victoria Capitals batting - Pitching for Oakland Oaks : RHP Bob Waters
|
Batting: LHB Willard Balcome
|
0-0: Ball 1-0: Called Strike 1-1: Swinging Strike 1-2: Foul Ball, location: 2F 1-2: Ball 2-2: Strikes out looking
|
Batting: LHB Jason Cary
|
0-0: Ball 1-0: Called Strike 1-1: Called Strike 1-2: Ball 2-2: Ball 3-2: Strikes out looking
|
Batting: RHB Ray Wathey
|
0-0: Fly out, F7 (Flyball, 7S, EV 86.2 MPH)
|
Bottom of the 6th over - 0 runs, 0 hits, 0 errors, 0 left on base; Oakland 0 - Victoria 3 |
TOP OF THE 7TH |
Oakland Oaks batting - Pitching for Victoria Capitals : RHP Victor Ocampo
|
Pitching: RHP Joey Mallandaine
|
|
Now at 1B: Kevin Harris
|
|
Batting: RHB Mario Medina
|
0-0: Ball 1-0: Ball 2-0: SINGLE (Line Drive, 8LS, EV 105.6 MPH)
|
Pinch Hitting: LHB Brian Canny
|
0-0: Called Strike 0-1: Ball 1-1: Foul Ball, location: 2F 1-2: Fly out, F8 (Flyball, 8RD, EV 93.1 MPH)
|
Pinch Hitting: LHB Chris Davidson
|
0-0: SINGLE (Line Drive, 4MD, EV 99.4 MPH) Mario Medina to second
|
Pinch Hitting: RHB Ricky Furst
|
0-0: Ball 1-0: Ball 2-0: SINGLE (Flyball, 78S, EV 88.8 MPH) Mario Medina to third Chris Davidson to second
|
Batting: LHB Bill Helmer
|
0-0: SINGLE (Line Drive, 3D, EV 95.6 MPH) Mario Medina scores Chris Davidson to third Ricky Furst to second Runner from 3rd tries for Home, SAFE, throw by RF to home
|
Pinch Hitting: LHB Justin Conley
|
0-0: Ball Wild Pitch! Ricky Furst to third Bill Helmer to second 1-0: Called Strike 1-1: Ball 2-1: Called Strike 2-2: Ball 3-2: Base on Balls
|
Batting: LHB Justin LeFlore
|
0-0: Called Strike 0-1: Grounds into double play, 6-2-3 (Groundball, 4, EV 83.8 MPH)
|
Top of the 7th over - 2 runs, 4 hits, 0 errors, 2 left on base; Oakland 2 - Victoria 3 |
BOTTOM OF THE 7TH |
Victoria Capitals batting - Pitching for Oakland Oaks : RHP Bob Waters
|
Now at 1B: Justin Conley
|
|
Now at 2B: Jack Stadner
|
|
Now at 3B: Ricky Furst
|
|
Now at SS: Alex Vidal
|
|
Batting: RHB Kyung-hwan Lee
|
0-0: Ball 1-0: SOLO HOME RUN (Flyball, 78XD, EV 111.2 MPH), Distance : 459 ft
|
Batting: RHB Jeremy Marin
|
0-0: Ground out 6-3 (Groundball, 6, EV 83.1 MPH)
|
Batting: RHB Antonio Arechiga
|
0-0: Ball 1-0: Ball 2-0: Called Strike 2-1: Ball 3-1: Base on Balls
|
Pitching: RHP Paul Ladner
|
|
Batting: RHB Nick Ellis
|
0-0: Called Strike 0-1: Ball 1-1: Swinging Strike 1-2: Strikes out looking
|
Batting: RHB Hyeon-cheong Lee
|
0-0: SINGLE (Line Drive, 5D, EV 99.4 MPH) Antonio Arechiga to second Runner from 2nd tries for 3rd, SAFE, throw by LF made to third
|
Batting: SHB Rich Roberts
|
0-0: Foul Ball, location: 2F 0-1: Called Strike 0-2: Fielders Choice at 2nd, 6-4 (Groundball, 56, EV 78.1 MPH)
|
Bottom of the 7th over - 1 run, 2 hits, 0 errors, 2 left on base; Oakland 2 - Victoria 4 |
TOP OF THE 8TH |
Oakland Oaks batting - Pitching for Victoria Capitals : RHP Joey Mallandaine
|
Batting: SHB Chris King
|
0-0: Ball 1-0: Swinging Strike 1-1: Foul Ball, location: 2F 1-2: Foul Ball, location: 2F 1-2: Foul Ball, location: 2F 1-2: Ball 2-2: Ground out U3 (Groundball, 34, EV 81.2 MPH)
|
Pitching: RHP Charlie Bowden
|
|
Batting: RHB Moises Guzman
|
0-0: Foul Ball, location: 2F 0-1: SOLO HOME RUN (Line Drive, 7LD, EV 98.8 MPH), Distance : 366 ft
|
Batting: RHB Mario Medina
|
0-0: Ball 1-0: Fly out, F7 (Line Drive, 78M, EV 93.8 MPH)
|
Pinch Hitting: RHB Jonathan Grabowski
|
0-0: Ball 1-0: Swinging Strike 1-1: Ground out 2-3 (Groundball, 13S, EV 63.8 MPH)
|
Top of the 8th over - 1 run, 1 hit, 0 errors, 0 left on base; Oakland 3 - Victoria 4 |
BOTTOM OF THE 8TH |
Victoria Capitals batting - Pitching for Oakland Oaks : RHP Paul Ladner
|
Now at 2B: Elijah Cobb
|
|
Batting: RHB Kevin Harris
|
0-0: Foul Ball, location: 2F 0-1: Ball 1-1: Swinging Strike 1-2: Foul Ball, location: 2F 1-2: Ball 2-2: Strikes out swinging
|
Batting: LHB Jason Cary
|
0-0: Ball 1-0: Foul Ball, location: 2F 1-1: Called Strike 1-2: Hit by Pitch
|
Batting: RHB Ray Wathey
|
0-0: Foul Ball, location: 2F 0-1: Swinging Strike 0-2: Strikes out looking
|
Batting: RHB Kyung-hwan Lee
|
0-0: Called Strike 0-1: Swinging Strike 0-2: Ball 1-2: Foul Ball, location: 2F 1-2: Ball 2-2: Fly out, F7 (Flyball, 7LM, EV 86.9 MPH)
|
Bottom of the 8th over - 0 runs, 0 hits, 0 errors, 1 left on base; Oakland 3 - Victoria 4 |
TOP OF THE 9TH |
Oakland Oaks batting - Pitching for Victoria Capitals : RHP Charlie Bowden
|
Pinch Hitting: RHB Kasey Sands
|
0-0: Called Strike 0-1: Ball 1-1: SINGLE (Line Drive, 6MD, EV 96.2 MPH)
|
Batting: RHB Ricky Furst
|
0-0: Fly out, F8 (Flyball, 78M, EV 86.2 MPH)
|
Batting: LHB Bill Helmer
|
0-0: Fielders Choice at 2nd, 6-4 (Groundball, 6, EV 83.1 MPH)
|
Batting: LHB Justin Conley
|
0-0: Called Strike 0-1: Ball 1-1: Called Strike 1-2: Ball 2-2: Ball 3-2: Base on Balls Bill Helmer to second
|
Batting: LHB Justin LeFlore
|
0-0: Ball 1-0: SINGLE (Line Drive, 89S, EV 94.4 MPH) Bill Helmer to third Justin Conley to second Runner from 3rd tries for Home, SAFE, throw by RF to home
|
Batting: SHB Chris King
|
0-0: Fly out, F8 (Flyball, 8RD, EV 106.2 MPH)
|
Top of the 9th over - 1 run, 2 hits, 0 errors, 2 left on base; Oakland 4 - Victoria 4 |
BOTTOM OF THE 9TH |
Victoria Capitals batting - Pitching for Oakland Oaks : RHP Paul Ladner
|
Pitching: LHP Jason Hahn
|
|
Now at SS: Kasey Sands
|
|
Batting: RHB Jeremy Marin
|
0-0: Ball 1-0: Fly out, F8 (Flyball, 8LD, EV 78.1 MPH)
|
Pinch Hitting: LHB Adam Lupfer
|
0-0: Ball 1-0: Foul Ball, location: 2F 1-1: Foul Ball, location: 2F 1-2: SINGLE (Groundball, 13S, EV 72.5 MPH) (infield hit)
|
Batting: RHB Nick Ellis
|
0-0: Ball 1-0: Ball 2-0: Ball 3-0: Base on Balls Adam Lupfer to second
|
Pinch Hitting: RHB Roberto Medina
|
0-0: Called Strike 0-1: Fly out, F4 (Popup, 3S, EV 85.0 MPH)
|
Pinch Hitting: LHB Yen-ti Zhu
|
0-0: Called Strike 0-1: Foul Ball, location: 2F 0-2: Ball 1-2: SINGLE (Groundball, 4MD, EV 99.4 MPH) Adam Lupfer to third Nick Ellis to second Runner from 3rd tries for Home, SAFE, throw by CF to home
|
Bottom of the 9th over - 1 run, 2 hits, 0 errors, 2 left on base; Oakland 4 - Victoria 5 |
|